 Dungeon Crawl Stone Soup version 0.29.1-2-gbd0b4ee654 (webtiles) character file.

Game seed: 14177563340965428970

18 xian the Digger (level 2, 0/15 HPs)
             Began as a Gargoyle Earth Elementalist on Nov 22, 2022.
             Slain by a rat (1 damage)
             ... on level 1 of the Dungeon.
             The game lasted 00:00:58 (307 turns).

xian the Digger (Gargoyle Earth Elementalist)        Turns: 307, Time: 00:00:58

Health: 0/15       AC:  4    Str: 11    XL:     2   Next: 70%
Magic:  1/5        EV: 12    Int: 15    God:
Gold:   35         SH:  0    Dex: 10    Spells: 4/5 levels left

rFire   . . .      SeeInvis .   e - +0 club
rCold   . . .      Faith    .   (no shield)
rNeg    + . .      Spirit   .   a - +0 robe
rPois   ∞          Reflect  .   (no helmet)
rElec   +          Harm     .   (no cloak)
rCorr   .          Rampage  .   (no gloves)
Will    .....                   (no boots)
Stlth   ++........              (no amulet)
HPRegen 0.05/turn               (no ring)
MPRegen 0.09/turn               (no ring)

@: no status effects
A: sickness immunity, AC +2, negative energy resistance 1, electricity
resistance, torment resistance 1, petrification resistance
a: no special abilities


You were on level 1 of the Dungeon.
You visited 1 branch of the dungeon, and saw 1 of its levels.

You collected 35 gold pieces.

Inventory:

Hand Weapons
 e - a +0 club (weapon)
Armour
 a - a +0 robe (worn)
Scrolls
 c - a scroll of teleportation {unknown}
 d - a scroll of enchant armour {unknown}
 f - a scroll of amnesia {unknown}
Potions
 b - a potion of magic


   Skills:
 + Level 1.6 Dodging
 + Level 2.2 Stealth
 + Level 2.4 Spellcasting
 + Level 0.7 Transmutations
 + Level 4.2 Earth Magic


You had 4 spell levels left.
You knew the following spells:

 Your Spells              Type           Power      Damage    Failure   Level
a - Sandblast             Erth           28%        2d8       3%          1

Your spell library contained the following spells:

 Spells                   Type           Power      Damage    Failure   Level
 Passwall                 Tmut/Erth      7%         N/A       12%         2
 Stone Arrow              Conj/Erth      16%        3d8       26%         3
 Petrify                  Tmut/Erth      9%         N/A       58%         4


Dungeon Overview and Level Annotations

Branches:
Dungeon (1/15)

Altars:


Innate Abilities, Weirdness & Mutations

You are immune to sickness and miasma.
Your stone body is resilient. (AC +2)
You are immune to poison.
You resist negative energy. (rN+)
You are resistant to electric shocks. (rElec)
You are resistant to unholy torment.
You are immune to petrification.


Message History

The dart slug launches a dart at you. The slug dart misses you.
The rat misses you.
You hit the dart slug.
The dart slug is severely wounded.
The rat misses you. The dart slug launches a dart at you.
The slug dart hits you.
You are too injured to fight recklessly!
You are too injured to fight recklessly!
You are too injured to fight recklessly!
Aiming: Sandblast (safe; 3% risk of failure)
Press: ? - help, Q - select action Shift-Dir - straight line, f - dart slug
Aim: a dart slug (severely wounded, 100% to hit)
The blast of sand hits the dart slug.
You kill the dart slug!
The rat bites you.
* * * LOW HITPOINT WARNING * * *
The rat bites you.
* * * LOW HITPOINT WARNING * * *
Aiming: Sandblast (safe; 3% risk of failure)
Press: ? - help, Q - select action Shift-Dir - straight line, f - rat
Aim: a rat (82% to hit)
The blast of sand hits the rat.
The rat is severely wounded.
The rat bites you but does no damage.
You barely miss the rat.
The rat is severely wounded.
The rat closely misses you.
You hit the rat but do no damage.
The rat is severely wounded.
The rat bites you but does no damage. The rat completely misses you.
You hit the rat but do no damage.
The rat is severely wounded.
The rat bites you.
* * * LOW HITPOINT WARNING * * *
Unknown command.
You hit the rat but do no damage.
The rat is severely wounded.
The rat bites you.
You die...

#..# #.#...#.##.#PPP#
#.#####.#####....#####
#.....#.#######.......
######.................
####....≈.............#...
#.....†..........####.....
#.....................#.##
##................##.#.#.†.
#.........@................
.......†..r................
.....................#.##..
........####.........#.##.#
.......## #.......... #.#
....... ...... .# #..
≈...... ........ ...
....... ......


You could see a rat.

Vanquished Creatures
  2 dart slugs (D:1)
  A ball python (D:1)
  2 bats (D:1)
  2 endoplasms (D:1)
  A goblin (D:1)
  2 hobgoblins (D:1)
  A frilled lizard (D:1)
  A kobold (D:1)
  A rat (D:1)
13 creatures vanquished.

Notes
Turn   | Place    | Note
-------+----------+-------------------------------------------
     0 | D:1      | xian the Gargoyle Earth Elementalist began the quest for
                  | the Orb.
     0 | D:1      | Reached XP level 1. HP: 10/10 MP: 3/3
   192 | D:1      | Reached XP level 2. HP: 15/15 MP: 3/5
   243 | D:1      | Reached skill level 4 in Earth Magic
   307 | D:1      | Slain by a rat

Illustrated notes

Levels and vault maps discovered:
D:1:      beargit_arrival_greenhouse, layout_basic,
          hellmonk_ecumenical_altar_zigzags, corner_web_ring, minivault_19,
          kennysheep_decorative_pillar

Skill      XL: |  1  2 |
---------------+-------+-----
Earth Magic    | 4 |  4.2
Dodging        | |  1.6
Stealth        | |  2.2
Spellcasting   | |  2.4
Transmutations | |  0.7

Action                   || total
-------------------------++-------
Melee: Club              ||    14
 Cast: Sandblast         ||    16
Armor: Robe              ||     5
Dodge: Dodged            ||    29
